 Dungeon Crawl Stone Soup version 0.30-a0-760-g5a9884bb7c (webtiles) character file.

Game seed: 13061327429968877410

604 pokeman the Magician (level 7, -1/35 (38) HPs)
             Began as a Deep Elf Hedge Wizard on Feb 10, 2023.
             Slain by a wight
             ... wielding a +3 morningstar of freezing
              (3 damage)
             ... on level 6 of the Dungeon.
             The game lasted 00:09:51 (5783 turns).

pokeman the Magician (Deep Elf Hedge Wizard)        Turns: 5783, Time: 00:09:52

HP:   -1/35 (38)    AC:  4    Str:  7    XL:     7   Next: 18%
MP:   9/20          EV: 13    Int: 21    God:
Gold: 353           SH:  0    Dex: 14    Spells: 13/21 levels left

rFire   . . .      SeeInvis .    t - +1 dagger (venom)
rCold   . . .      Faith    .    (no shield)
rNeg    + . .      Spirit   .    b - +0 robe
rPois   .          Reflect  .    c - +0 hat
rElec   .          Harm     .    (no cloak)
rCorr   .          Rampage  .    q - +1 pair of gloves
Will    .....                    (no boots)
Stlth   +++                      (no amulet)
HPRegen 0.25/turn                y - ring of wizardry
MPRegen 0.17/turn                n - ring of positive energy

@: drained
A: no striking features
a: no special abilities


You were on level 6 of the Dungeon.
You visited 2 branches of the dungeon, and saw 7 of its levels.

You collected 353 gold pieces.

Inventory:

Hand Weapons
 t - a +1 dagger of venom (weapon)
Armour
 b - a +0 robe (worn)
 c - a +0 hat (worn)
 e - a scarf of invisibility
 q - a +1 pair of gloves (worn)
Jewellery
 m - a ring of protection from cold
 n - a ring of positive energy (right hand)
 y - a ring of wizardry (left hand)
Scrolls
 a - a scroll of enchant weapon {unknown}
 i - 9 scrolls of identify {unknown}
 p - a scroll of noise {unknown}
 u - 2 scrolls of enchant armour {unknown}
 v - 2 scrolls of teleportation {unknown}
 x - a scroll of amnesia {unknown}
 z - a scroll of fear {unknown}
 A - 3 scrolls of vulnerability {unknown}
 B - a scroll of silence {unknown}
Potions
 d - 2 potions of magic
 f - a potion of brilliance {unknown}
 g - 5 potions of heal wounds {unknown}
 h - a potion of cancellation {unknown}
 j - 3 potions of haste {unknown}
 k - a potion of berserk rage {unknown}
 l - 3 potions of mutation {unknown}
 o - a potion of attraction {unknown}
 r - 2 potions of curing {unknown}
 s - 2 potions of flight {unknown}
 w - a potion of invisibility {unknown}


   Skills:
 - Level 1.0 Fighting
 - Level 1.0 Armour
 - Level 4.0 Dodging
 - Level 4.1 Stealth
 * Level 7.9 Spellcasting
 + Level 3.8 Conjurations
 - Level 1.1 Summonings
 - Level 1.1 Translocations
 + Level 0.9 Air Magic
 + Level 0.5 Poison Magic
 - Level 1.0 Evocations


You had 13 spell levels left.
You knew the following spells:

 Your Spells              Type           Power      Damage    Failure   Level
a - Magic Dart            Conj           96%        1d7       1%          1
b - Mephitic Cloud        Conj/Pois/Air  15%        N/A       4%          3
c - Call Imp              Summ           12%        N/A       3%          2
d - Blink                 Tloc           24%        N/A       3%          2

Your spell library contained the following spells:

 Spells                   Type           Power      Damage    Failure   Level
 Slow                     Hex            32%        N/A       3%          1
 Cigotuvi's Dreadful Rot  Necr/Pois/Air  20%        N/A       4%          2
 Vhi's Electric Charge    Tloc/Air       24%        N/A       6%          3
 Confusing Touch          Hex            8%         N/A       10%         3
 Vampiric Draining        Necr           8%         2d6       10%         3
 Arcjolt                  Conj/Air       9%         1d19      32%         5
 Maxwell's Capacitive Co  Air            6%         ∞         100%        8


Dungeon Overview and Level Annotations

Branches:
Dungeon (6/15)             Temple (1/1) D:4

Altars:
Ashenzari
Cheibriados
Elyvilon
Fedhas
Gozag
Kikubaaqudgha
Makhleb
Okawaru
Qazlal
Ru
Sif Muna
Trog
Uskayaw
Wu Jian
Xom
Yredelemnul
The Shining One

Shops:
D:5 **

Annotations:
D:5 2 transporters


Message History

You partially resist.
You feel drained. The wight freezes you.
Casting: Magic Dart (safe; 1% risk of failure)
Confirm with . or Enter, or press ? or * to list all spells.
Aiming: Magic Dart (safe; 1% risk of failure)
Press: ? - help, Shift-Dir - straight line, f/p - wight
Aim: a wight, wielding a +3 morningstar of freezing and wearing a +0 robe (heavily damaged, 100% to hit)
The magic dart hits the wight.
The wight is severely damaged.
The wight barely misses you.
Casting: Magic Dart (safe; 1% risk of failure)
Confirm with . or Enter, or press ? or * to list all spells.
Aiming: Magic Dart (safe; 1% risk of failure)
Press: ? - help, Shift-Dir - straight line, f/p - wight
Aim: a wight, wielding a +3 morningstar of freezing and wearing a +0 robe (severely damaged, 100% to hit)
The magic dart hits the wight.
The wight is severely damaged.
The wight hits you with a +3 morningstar of freezing.
The wight freezes you.
Casting: Magic Dart (safe; 1% risk of failure)
Confirm with . or Enter, or press ? or * to list all spells.
Aiming: Magic Dart (safe; 1% risk of failure)
Press: ? - help, Shift-Dir - straight line, f/p - wight
Aim: a wight, wielding a +3 morningstar of freezing and wearing a +0 robe (severely damaged, 100% to hit)
The magic dart hits the wight.
The wight is almost destroyed.
The wight hits you with a +3 morningstar of freezing!
* * * LOW HITPOINT WARNING * * *
You partially resist.
You feel drained.
* * * LOW HITPOINT WARNING * * *
The wight freezes you.
* * * LOW HITPOINT WARNING * * *
Casting: Magic Dart (safe; 1% risk of failure)
Confirm with . or Enter, or press ? or * to list all spells.
Aiming: Magic Dart (safe; 1% risk of failure)
Press: ? - help, Shift-Dir - straight line, f/p - wight
Aim: a wight, wielding a +3 morningstar of freezing and wearing a +0 robe (almost destroyed, 100% to hit)
The magic dart hits the wight.
The wight is almost destroyed.
The wight hits you with a +3 morningstar of freezing.
You die...

#######.#
........#
#<# #.#
#.# #.#
#.# #z#
#@# #.#
#.# #.#
#.# #.#
#.# #.#


You could see a wight.

Vanquished Creatures
  A phantom (D:5)
  3 hounds (D:5)
  A jelly (D:4)
  An orc priest (D:3)
  2 iguanas
  3 orc wizards
  Natasha (D:3)
  11 adders
  An ufetubus (D:5)
  2 worms (D:3)
  2 dart slugs (D:3)
  11 orcs
  10 ball pythons
  7 bats
  3 endoplasms
  6 giant cockroaches
  6 goblins
  11 hobgoblins
  6 jackals
  10 kobolds
  7 quokkas
  2 frilled lizards (D:3)
  6 rats
113 creatures vanquished.

Vanquished Creatures (collateral kills)
  An orc (D:3)
  A bat (D:3)
2 creatures vanquished.

Vanquished Creatures (others)
  4 plants (D:3)
4 creatures vanquished.

Grand Total: 119 creatures vanquished

Notes
Turn   | Place    | Note
-------+----------+-------------------------------------------
     0 | D:1      | pokeman the Deep Elf Hedge Wizard began the quest for the
                  | Orb.
     0 | D:1      | Reached XP level 1. HP: 10/10 MP: 7/7
   283 | D:1      | Reached XP level 2. HP: 16/16 MP: 6/9
   790 | D:1      | Reached skill level 5 in Spellcasting
  1071 | D:2      | Reached XP level 3. HP: 20/20 MP: 5/11
  1075 | D:2      | Learned a level 3 spell: Mephitic Cloud
  1078 | D:2      | Learned a level 2 spell: Call Imp
  1081 | D:2      | Learned a level 2 spell: Blink
  1581 | D:3      | Reached skill level 1 in Armour
  1692 | D:3      | Reached skill level 1 in Fighting
  1745 | D:3      | Reached XP level 4. HP: 17/25 MP: 1/13
  1972 | D:3      | Found a shimmering blue altar of Sif Muna.
  2089 | D:3      | Noticed Natasha
  2099 | D:3      | Reached skill level 6 in Spellcasting
  2108 | D:3      | Reached XP level 5. HP: 22/29 MP: 5/15
  2120 | D:3      | Killed Natasha
  3442 | D:4      | Found a hide-covered altar of Uskayaw.
  3542 | D:4      | Found a staircase to the Ecumenical Temple.
  3554 | Temple   | Entered the Ecumenical Temple
  3734 | D:4      | Reached XP level 6. HP: 34/34 MP: 11/17
  4065 | D:4      | Found a sacrificial altar of Ru.
  4070 | D:4      | Reached skill level 7 in Spellcasting
  4245 | D:4      | Found an ancient bone altar of Kikubaaqudgha.
  4591 | D:5      | Entered Level 5 of the Dungeon
  4642 | D:5      | Found an ornate altar of the Wu Jian Council.
  4642 | D:5      | Found a burning altar of Makhleb.
  4642 | D:5      | Found a blossoming altar of Fedhas.
  4886 | D:5      | Found Noyfawk's Serpentskin Sales.
  5063 | D:5      | Reached XP level 7. HP: 38/38 MP: 14/20
  5122 | D:5      | Reached skill level 1 in Evocations
  5141 | D:5      | Found a transporter.
  5235 | D:5      | Found a transporter.
  5575 | D:5      | Found Leowel's General Store.
  5690 | D:6      | Noticed a steam dragon
  5783 | D:6      | Slain by a wight

Illustrated notes

Levels and vault maps discovered:
D:1:      minmay_arrival_four_loops, layout_rooms, columned_hall_lemuel,
          corner_web_ring
D:2:      layout_basic
D:3:      corexii_shack_village, layout_rooms, lemuel_blue_sif_altar,
          uniq_natasha
D:4:      layout_loops_corners, mainiacjoe_overflow_surrounded_room,
          mainiacjoe_overflow_boulevard, nicolae_ru_great_annihilating_truth,
          minmay_temple_entry_drinking_statues
D:5:      layout_loops_corners, grunt_temple_overflow_open,
          gammafunk_ghost_abyssal_escape, serial_shops, nicolae_shop_waterfront,
          guppyfry_shop_venom
D:6:      minmay_skewed_foursquare, layout_rooms, nicolae_vehumet_radiance,
          uniq_sigmund, uniq_duvessa
Temple:   nicolae_temple_ecumenical_triangle

Skill      XL: |  1  2  3  4  5  6  7 |
---------------+----------------------+-----
Spellcasting   | 5 6 7 |  7.9
Conjurations   | 2 3 |  3.8
Armour         | 1 |  1.0
Fighting       | 1 |  1.0
Dodging        | 3 4 |  4.0
Stealth        | 3 4 |  4.1
Evocations     | 1 |  1.0
Summonings     | |  1.1
Translocations | |  1.1
Air Magic      | |  0.9
Poison Magic   | |  0.5

Action                     |  1- 3 |  4- 6 |  7- 9 || total
---------------------------+-------+-------+-------++-------
  Melee: Dagger            |    11 |    21 |     6 ||    38
         Triple sword      |       |    20 |       ||    20
   Cast: Magic Dart        |   115 |   168 |    22 ||   305
         Mephitic Cloud    |       |     9 |     2 ||    11
         Call Imp          |       |     1 |     2 ||     3
   Stab: Confused          |       |     4 |     1 ||     5
         Paralysed         |       |     1 |       ||     1
 Armour: Robe              |     1 |    25 |       ||    26
  Dodge: Dodged            |    28 |    69 |     1 ||    98

Table legend: (Time is in decaauts)
 A = Elapsed time spent in this place.
 B = Non-inter-level travel time spent in this place.
 C = Inter-level travel time spent in this place.
 D = Time resting spent in this place.
 E = Time spent auto-exploring this place.
 F = Levels seen in this place.
 G = Mean time per level.
                   A        B        C        D        E       F      G
               +--------+--------+--------+--------+--------+-----+--------+
         Total |   5796 |   5605 |    191 |     62 |   4814 |   7 |  828.0 |
       Dungeon |   5733 |   5548 |    185 |     62 |   4764 |   6 |  955.5 |
        Temple |     62 |     56 |      6 |      0 |     50 |   1 |   62.0 |
               +--------+--------+--------+--------+--------+-----+--------+

Top non-repeatable levels by time:
     D:4: 1267 daAuts
     D:3: 1206 daAuts
     D:5: 1164 daAuts
     D:1: 1064 daAuts
     D:2: 1003 daAuts
  Temple: 62 daAuts
     D:6: 28 daAuts
